 Dungeon Crawl Stone Soup version 0.20-a0-1017-gc3250ce (webtiles) character file.

3728 dragonfleas the Protected (level 9, -8/79 HPs)
             Began as a Minotaur Berserker on Apr 16, 2017.
             Was an Elder of Trog.
             Killed from afar by a yak (39 damage)
             ... with an exploding inner flame
             ... hexed by the player character
             ... on level 8 of the Dungeon.
             The game lasted 00:43:57 (5238 turns).

dragonfleas the Protected (Minotaur Berserker)      Turns: 5238, Time: 00:43:57

Health: -8/79      AC: 24    Str: 27    XL:     9   Next: 92%
Magic:  0/10       EV: 12    Int:  4    God:    Trog [****..]
Gold:   273        SH:  0    Dex: 12    Spells: 8/8 levels left

rFire    x . .     SeeInvis .   d - +4 dagger (venom) {Poison Tooth}
rCold    + . .     Gourm    .   (no shield)
rNeg     . . .     Faith    .   t - +2 crystal plate armour
rPois    .         Spirit   +   (helmet restricted)
rElec    .         Reflect  .   (no cloak)
rCorr    .         Harm     .   (no gloves)
MR       .....     Rnd*Tele +   (no boots)
Stlth    ..........             G - amulet of guardian spirit
Regen    0.3/turn               u - ring of ice
MPRegen  0.2/turn               w - +5 ring of evasion

@: no status effects
A: retaliatory headbutt, horns 2, icy blue scales 1, agile 1, strong 1,
teleportitis 1
a: Berserk, Trog's Hand, Brothers in Arms, Burn Spellbooks, Renounce Religion


You were on level 8 of the Dungeon.
You worshipped Trog.
Trog was greatly pleased with you.
You were not hungry.

You visited 1 branch of the dungeon, and saw 8 of its levels.

You collected 423 gold pieces.
You spent 150 gold pieces at shops.

Inventory:

Hand Weapons
 c - a +0 flail of holy wrath
 d - a +4 dagger of venom (weapon) {Poison Tooth}
 i - a +2 flail of pain
 v - a +4 long sword
 y - a +0 morningstar of crushing
 z - a +2 spear of freezing
 E - a +3 spear
Missiles
 x - 3 tomahawks of returning (quivered)
Armour
 t - a +2 crystal plate armour (worn)
Jewellery
 l - an uncursed ring of stealth
 u - a ring of ice (left hand)
 w - a +5 ring of evasion (right hand)
 A - an uncursed ring of poison resistance
 G - an amulet of guardian spirit (around neck)
Wands
 e - a wand of flame (0/48)
 f - a wand of flame (13/48)
 n - a wand of polymorph (0/24)
 B - a wand of iceblast (0/15)
Scrolls
 b - 2 scrolls of magic mapping
 j - a scroll of identify
 q - 2 scrolls of teleportation
 s - 2 scrolls of fog
Potions
 a - 2 potions of ambrosia
 h - 2 potions of mutation
 k - a potion of invisibility
 m - a potion of flight
 o - a potion of brilliance
 D - a potion of might
 F - a potion of curing
Comestibles
 p - a chunk of flesh
 C - a royal jelly


   Skills:
 + Level 7.3 Fighting
 + Level 4.9(5.6) Short Blades
 + Level 4.5(5.7) Long Blades
   Level 4.2(6.7) Axes
 + Level 7.6(8.2) Maces & Flails
 + Level 2.0(3.4) Polearms
 + Level 9.7 Armour
 + Level 3.7 Dodging
 + Level 0.6 Stealth
 + Level 3.3 Evocations


You had 8 spell levels left.
You didn't know any spells.

Dungeon Overview and Level Annotations

Branches:
Dungeon (8/15)             Temple (0/1) D:7
   Lair: D:8-11

Altars:
Fedhas
Gozag
Hepliaklqana
Makhleb
Qazlal
Sif Muna
Vehumet
Wu Jian

Shops:
D:4 ?


Innate Abilities, Weirdness & Mutations

You reflexively headbutt those who attack you in melee.
You have a pair of horns on your head.
You are partially covered in icy blue scales. (AC +2)
You are agile. (Dex +2)
Your muscles are strong. (Str +2)
You are occasionally teleported next to monsters.


Message History

The yak is almost dead.
The big kobold hits you with a short sword.
You puncture the yak!
The yak explodes!
The fiery explosion engulfs the big kobold.
The big kobold explodes!
The fiery explosion engulfs the yak.
The yak explodes!
The fiery explosion engulfs the dream sheep.
The dream sheep explodes!
The fiery explosion engulfs the dream sheep.
The dream sheep explodes!
Trog accepts your kill. x2
You hear a splash.
Your base Polearms skill increases to level 2!
Trog accepts your kill. The fiery explosion engulfs you!
The fire burns you terribly! Trog accepts your kill.
The fiery explosion engulfs you! The fire burns you terribly!
You die...

#.....#.......##.##
#+###'''##.########.##
#.≈P.%.%.#.# #.##
#P≈≈%.P.%#.# #.##
#≈≈P...?.#.# #.##
#P≈§§§§§.#.# #.##
#PP≈§§§≈.#.# #.##
#####§####.# #)##
#@§§...# #... ########
####


There were no monsters in sight!

Vanquished Creatures
  A two-headed ogre (D:8)
  Prince Ribbit (D:5)
  2 dream sheep (D:8)
  A yak (D:8)
  A hungry ghost (D:7)
  Duvessa (D:6)
  An orc warrior (D:8)
  A sky beast (D:5)
  2 ice beasts
  3 centaurs
  2 big kobolds (D:8)
  Blork the orc (D:5)
  A bullfrog (D:8)
  Dowan (D:6)
  A water moccasin skeleton (D:6)
  5 wights
  3 howler monkeys
  A crimson imp (D:5)
  A quasit (D:8)
  4 orc priests
  4 hounds
  3 jellies
  4 iguanas
  5 worker ants
  A killer bee zombie (D:7)
  A hound skeleton (D:5)
  6 adders
  A shadow imp (D:8)
  An adder zombie (D:8)
  6 worms
  A dart slug (D:1)
  3 leopard geckos
  25 orcs
  8 giant cockroaches
  8 hobgoblins
  10 jackals
  8 quokkas
  2 ball pythons (D:3)
  6 bats
  7 frilled lizards
  A jackal zombie (D:8)
  3 kobolds
  A quokka skeleton (D:4)
  7 rats
  A plant (D:2)
157 creatures vanquished.

Vanquished Creatures (others)
  A leopard gecko (D:1)
1 creature vanquished.

Grand Total: 158 creatures vanquished

Notes
Turn   | Place    | Note
-------+----------+-------------------------------------------
     0 | D:1      | dragonfleas the Minotaur Berserker began the quest for the Orb.
     0 | D:1      | Reached XP level 1. HP: 19/19 MP: 0/0
   253 | D:1      | Reached XP level 2. HP: 25/27 MP: 1/1
  1050 | D:2      | Reached XP level 3. HP: 29/33 MP: 2/2
  1275 | D:2      | Found a blossoming altar of Fedhas.
  1635 | D:3      | Found an ornate altar of the Wu Jian Council.
  1667 | D:3      | Found a deep blue altar of Sif Muna.
  1681 | D:3      | Reached skill level 1 in Short Blades
  1735 | D:3      | Reached skill level 3 in Armour
  1772 | D:3      | Reached ** piety under Trog
  1784 | D:3      | Reached XP level 4. HP: 41/41 MP: 3/3
  2623 | D:4      | Found a hazy altar of Hepliaklqana.
  2741 | D:4      | Reached skill level 1 in Long Blades
  2749 | D:4      | Reached XP level 5. HP: 47/47 MP: 4/4
  2777 | D:4      | Reached skill level 4 in Armour
  2804 | D:4      | Found Hishey's Magic Scroll Shoppe.
  2823 | D:4      | Bought a scroll of enchant armour for 75 gold pieces
  2823 | D:4      | Bought a scroll of random uselessness for 10 gold pieces
  2823 | D:4      | Bought a scroll of teleportation for 30 gold pieces
  2823 | D:4      | Bought a scroll of immolation for 35 gold pieces
  2890 | D:4      | Reached XP level 6. HP: 55/55 MP: 5/5
  3175 | D:5      | Entered Level 5 of the Dungeon
  3205 | D:5      | Noticed Blork the orc
  3216 | D:5      | Killed Blork the orc
  3216 | D:5      | Reached skill level 5 in Fighting
  3253 | D:5      | Gained mutation: You are occasionally teleported next to monsters. [potion of mutation]
  3253 | D:5      | Gained mutation: You are partially covered in icy blue scales. (AC +2) [potion of mutation]
  3253 | D:5      | Gained mutation: You are agile. (Dex +2) [potion of mutation]
  3253 | D:5      | Gained mutation: Your muscles are strong. (Str +2) [potion of mutation]
  3266 | D:5      | Reached skill level 5 in Armour
  3311 | D:5      | Noticed Prince Ribbit
  3326 | D:5      | Killed Prince Ribbit
  3326 | D:5      | Reached *** piety under Trog
  3326 | D:5      | Reached skill level 1 in Evocations
  3326 | D:5      | Reached XP level 7. HP: 42/61 MP: 6/6
  3472 | D:5      | Reached skill level 6 in Armour
  3762 | D:6      | Noticed Duvessa
  3763 | D:6      | Noticed Dowan
  3772 | D:6      | Killed Duvessa
  3772 | D:6      | Reached XP level 8. HP: 65/69 MP: 8/8
  3786 | D:6      | Killed Dowan
  3786 | D:6      | Reached skill level 1 in Maces & Flails
  3786 | D:6      | Reached skill level 7 in Armour
  4194 | D:7      | Found a staircase to the Ecumenical Temple.
  4231 | D:7      | Found a radiant altar of Vehumet.
  4343 | D:7      | Reached skill level 5 in Maces & Flails
  4398 | D:7      | Found a stormy altar of Qazlal.
  4524 | D:7      | Found an opulent altar of Gozag.
  4597 | D:7      | Reached **** piety under Trog
  4738 | D:8      | Reached XP level 9. HP: 78/78 MP: 9/9
  4833 | D:8      | Found a burning altar of Makhleb.
  4833 | D:8      | Noticed a green death
  4850 | D:8      | Noticed a two-headed ogre
  4863 | D:8      | Killed a two-headed ogre
  4863 | D:8      | Reached skill level 1 in Polearms
  4863 | D:8      | Reached skill level 8 in Armour
  5138 | D:8      | Reached skill level 9 in Armour
  5238 | D:8      | Killed from afar by a yak

Vault maps used:
D:1:      shiori_arrival_elements
D:2:      fedhas_altar_4, serial_bayou, serial_bayou_pond_e,
          serial_bayou_ford_a, serial_bayou_pond_c, serial_bayou_lagoon_a
D:3:      old_standard_altar, lemuel_doored_altar, grunt_ministairs_6
D:4:      nicolae_overflow_crystal_walls, serial_shops, nicolae_shop_trees,
          roderic_three_in_a_row
D:5:      first_bread, uniq_prince_ribbit1, uniq_blork_the_orc
D:6:      serial_corexii_hall, corexii_hall_statues_l, corexii_hall_statues_i,
          uniq_duvessa
D:7:      grunt_gozag_statues, vehumet_altar_wand_db,
          amethyst_overflow_temple_binary, minmay_temple_entry_large_hall
D:8:      enter_bailey_3, hangedman_ranch, makhleb_altar_promises_db

Skill      XL: |  1  2  3  4  5  6  7  8  9 |
---------------+----------------------------+-----
Axes           | 4 |  4.2
Fighting       | 4 5 6 7 |  7.3
Short Blades   | 1 2 3 4 |  4.9
Armour         | 3 4 5 6 7 9 |  9.7
Long Blades    | 1 2 3 4 |  4.5
Dodging        | 3 |  3.7
Evocations     | 1 2 3 |  3.3
Maces & Flails | 6 7 |  7.6
Polearms       | 2 |  2.0
Stealth        | |  0.6

Action                   |  1- 3 |  4- 6 |  7- 9 || total
-------------------------+-------+-------+-------++-------
Melee: Dagger            |    74 |    62 |   140 ||   276
       Hand axe          |     3 |       |       ||     3
       Headbutt          |    19 |    22 |    54 ||    95
       Long sword        |    12 |    31 |     3 ||    46
       Mace              |     3 |       |       ||     3
       Flail             |       |       |    72 ||    72
       Spear             |       |       |    29 ||    29
Evoke: Wand              |       |    10 |    15 ||    25
  Use: Scroll            |     8 |     4 |    10 ||    22
       Potion            |       |     3 |     7 ||    10
  Eat: Chunk             |     2 |     1 |     6 ||     9
       Bread ration      |     1 |       |     1 ||     2
Armor: Leather armour    |     6 |       |       ||     6
       Ring mail         |    19 |    14 |       ||    33
       Crystal plate arm |       |    22 |   189 ||   211
Dodge: Dodged            |    47 |    44 |   116 ||   207
       Rpst.: Long sword |     1 |     7 |     1 ||     9
